 Dungeon Crawl Stone Soup version 0.29.0-4-gdea44cf6ec (webtiles) character file.

Game seed: 11932529061878326388

109 qw the Chopper (level 4, 0/26 HPs)
             Began as a Tengu Warper on Aug 28, 2022.
             Succumbed to their own poison gas
             ... on level 2 of the Dungeon.
             The game lasted 00:00:13 (2213 turns).

qw the Chopper (Tengu Warper)                       Turns: 2213, Time: 00:00:13

Health: 0/26       AC:  8    Str: 14    XL:     4   Next: 90%
Magic:  8/8        EV:  6    Int: 13    God:
Gold:   114        SH:  0    Dex: 13    Spells: 7/7 levels left

rFire   . . .      SeeInvis +   Y - +0 hand axe
rCold   . . .      Faith    .   (no shield)
rNeg    . . .      Spirit   .   e - +0 chain mail
rPois   .          Reflect  .   (helmet restricted)
rElec   .          Harm     .   (no cloak)
rCorr   .          Rampage  .   (no gloves)
Will    .....                   (boots unavailable)
Stlth   ..........              (no amulet)
HPRegen 0.08/turn               i - ring of see invisible
MPRegen 0.11/turn               (no ring)

@: lethally poisoned (0 -> -5)
A: beak, talons 3
a: no special abilities


You were on level 2 of the Dungeon.
You visited 1 branch of the dungeon, and saw 2 of its levels.

You collected 114 gold pieces.


Innate Abilities, Weirdness & Mutations

You have a beak for a mouth.
You have claws for feet.


   Skills:
 - Level 2.0 Fighting
 + Level 5.4 Axes
 - Level 1.0 Throwing
 - Level 1.1 Armour
 - Level 2.1 Dodging
 - Level 2.0 Spellcasting
 - Level 2.4 Translocations


You had 7 spell levels left.
You didn't know any spells.
Your spell library contained the following spells:

 Spells                   Type           Power      Damage    Failure   Level
 Blink                    Tloc           14%        N/A       99%         2
 Gell's Gravitas          Tloc           7%         N/A       100%        3
 Lesser Beckoning         Tloc           7%         N/A       100%        3
 Teleport Other           Tloc           7%         N/A       100%        3
 Manifold Assault         Tloc           7%         N/A       100%        5

Inventory:

Hand Weapons
 k - a +2 whip of draining
 Y - a +0 hand axe (weapon)
Armour
 e - a +0 chain mail (worn)
Jewellery
 i - a ring of see invisible (left hand)
Potions
 c - a potion of berserk rage {unknown}
 f - a potion of curing {unknown}
 j - a potion of mutation {unknown}

Dungeon Overview and Level Annotations

Branches:
Dungeon (2/15)

Altars:

Annotations:
D:2 1 runed translucent door, Crazy Yiuf


Message History

Crazy Yiuf says, "Whippet canine sallow!"
Could not explore, unopened runed door.
2204 ||| READING scroll labelled OVOC CENOASEO.
The air fills with toxic fumes!
As you read the scroll labelled OVOC CENOASEO, it crumbles to dust.
It was a scroll of poison.
Could not explore, unopened runed door.
2205 ||| READING scroll labelled SAXIQUTTAN.
As you read the scroll labelled SAXIQUTTAN, it crumbles to dust.
You feel aware of your surroundings.
It was a scroll of magic mapping.
Could not explore, unopened runed door.
2206 ||| READING scroll labelled YHONKA JYOJ.
As you read the scroll labelled YHONKA JYOJ, it crumbles to dust.
It is a scroll of identify.
Really abort (and waste the scroll)?
Could not explore, unopened runed door.
(D) Dungeon
Where to? (* - list waypoints, Enter - D:2, ? - help)
What level of the Dungeon? (default 1, ? - help) Sorry, I don't know how to get there.
Could not explore, unopened runed door.
2207 ||| Stepping randomly (stuck).
Really walk into that cloud of poison gas?
You are engulfed in poison gas.
You are poisoned.
You feel very sick.
2208 ||| Stepping ~*~*~tactically~*~*~ (cloud).
You feel very sick.
Crazy Yiuf sings, "Trees, trees, trees, circus!"
You see here a +0 ring mail.
There is a lethal amount of poison in your body!
You feel very sick.
Crazy Yiuf grits, "Citrus snockshim return to song!"
There is a lethal amount of poison in your body!
You feel sick.
There is a lethal amount of poison in your body!
You feel sick.
There is a lethal amount of poison in your body!
You feel sick.
There is a lethal amount of poison in your body!
You die...

#...............####
#...............'..#
#.._^...........##.#
#.^^.###############
##.### #.##########
#.....#..#¤###**###
##.........#¤¤##...#
#.........####@+g..#
#......#.## ###..)#
# #.....#### **###
###.....# .###...##
..##..####
..##..##.#
..##...#.#
.....#.#.#


You could see Crazy Yiuf.

Vanquished Creatures
  Natasha (twice) (D:2)
  An adder (D:2)
  A worm (D:2)
  2 dart slugs
  4 bats
  6 endoplasms
  4 giant cockroaches (D:2)
  2 hobgoblins
  6 kobolds
  A quokka (D:2)
  7 ball pythons
  5 frilled lizards
  2 rats (D:2)
43 creatures vanquished.

Notes
Turn   | Place    | Note
-------+----------+-------------------------------------------
     0 | D:1      | qw the Tengu Warper began the quest for the Orb.
     0 | D:1      | Reached XP level 1. HP: 12/12 MP: 4/4
     0 | D:1      | 0 ||| qw: Version: 0.1-a-89-g26bdef1
     0 | D:1      | 0 ||| qw: Game counter: 999
     0 | D:1      | 0 ||| qw: Always use a shield: true
     0 | D:1      | 0 ||| qw: God list: Okawaru
     0 | D:1      | 0 ||| qw: Allow faded altars: false
     0 | D:1      | 0 ||| qw: Do Orc after D:15 true
     0 | D:1      | 0 ||| qw: Do second Lair branch before Depths: true
     0 | D:1      | 0 ||| qw: Lair rune preference: random
     0 | D:1      | 0 ||| qw: Plans: Normal
     0 | D:1      | 0 ||| PLANNING D:1-11
    15 | D:1      | Noticed an electric eel
   214 | D:1      | Reached XP level 2. HP: 17/17 MP: 6/6
   216 | D:1      | Reached skill level 3 in Axes
   697 | D:1      | 697 ||| UPGRADING to +0 ring mail.
   707 | D:1      | 707 ||| DROPPING +0 leather armour.
   708 | D:1      | 708 ||| UPGRADING to ring of see invisible.
   709 | D:1      | 709 ||| READING scroll labelled WIKELA COUG.
   714 | D:1      | 714 ||| READING scroll labelled QAREMO KEI.
   715 | D:1      | 715 ||| READING scroll labelled MUBUMN SUECVUD.
   716 | D:1      | 716 ||| DROPPING scroll of blinking.
   729 | D:2      | 729 ||| Stepping ~*~*~tactically~*~*~ (stealth).
   740 | D:2      | HP: 3/17 [poisoned by an adder]
   741 | D:2      | Reached XP level 3. HP: 4/21 MP: 7/7
  1014 | D:2      | Noticed Natasha
  1022 | D:2      | Killed Natasha
  1023 | D:2      | Reached skill level 4 in Axes
  1168 | D:2      | 1168 ||| Stepping ~*~*~tactically~*~*~ (stealth).
  1183 | D:2      | Reached XP level 4. HP: 24/26 MP: 8/8
  1195 | D:2      | 1195 ||| Stepping ~*~*~tactically~*~*~ (stealth).
  1459 | D:2      | Found a runed translucent door.
  1460 | D:2      | Noticed Crazy Yiuf
  1474 | D:2      | Found a faded altar of an unknown god.
  1659 | D:2      | 1659 ||| DROPPING +0 mace.
  1801 | D:2      | Noticed Natasha
  1812 | D:2      | Killed Natasha
  1813 | D:2      | Reached skill level 5 in Axes
  1925 | D:2      | 1925 ||| Stepping ~*~*~tactically~*~*~ (stealth).
  2192 | D:2      | 2192 ||| UPGRADING to +0 chain mail.
  2202 | D:2      | 2202 ||| DROPPING +0 ring mail.
  2203 | D:2      | 2203 ||| READING scroll labelled HOCAIWONLUXTA.
  2204 | D:2      | 2204 ||| READING scroll labelled OVOC CENOASEO.
  2205 | D:2      | 2205 ||| READING scroll labelled SAXIQUTTAN.
  2206 | D:2      | 2206 ||| READING scroll labelled YHONKA JYOJ.
  2207 | D:2      | 2207 ||| Stepping randomly (stuck).
  2208 | D:2      | 2208 ||| Stepping ~*~*~tactically~*~*~ (cloud).
  2210 | D:2      | HP: 5/26 [poisoned by you (poison gas)]
  2212 | D:2      | HP: 1/26 [poisoned by you (poison gas)]
  2213 | D:2      | Succumbed to their own poison gas

Levels and vault maps discovered:
D:1:      arrival_aquarium_a, layout_basic
D:2:      minmay_door_path, layout_basic, ebering_ecumenical_altar_webs,
          minmay_vboxes, uniq_crazy_yiuf_cottage, uniq_natasha

Skill      XL: |  1  2  3  4 |
---------------+-------------+-----
Axes           | 3 4 5 |  5.4
Fighting       | |  2.0
Throwing       | |  1.0
Armour         | |  1.1
Dodging        | |  2.1
Spellcasting   | |  2.0
Translocations | |  2.4

Action                   |  1- 3 |  4- 6 || total
-------------------------+-------+-------++-------
Melee: Hand axe          |    51 |    58 ||   109
       Kick              |    14 |    10 ||    24
       Peck              |     9 |     8 ||    17
Throw: Boomerang         |     7 |       ||     7
  Use: Scroll            |     3 |     4 ||     7
Armor: Leather armour    |    12 |       ||    12
       Ring mail         |     5 |    19 ||    24
Dodge: Dodged            |    28 |    28 ||    56

Table legend:
 A = Non-vault XP
 B = Vault XP
 C = Vault XP percentage of total XP
 D = Non-vault monster count
 E = Vault monster count
 F = Vault count percentage of total count
                 A         B        C        D         E       F
            +---------+---------+-------+---------+---------+-------
      Total |     101 |      56 |  35.7 |      30 |      13 |  30.2
            +---------+---------+-------+---------+---------+-------
        D:1 |      20 |       0 |   0.0 |      12 |       0 |   0.0
        D:2 |      81 |      56 |  40.9 |      18 |      13 |  41.9
            +---------+---------+-------+---------+---------+-------
